 Seeded DCSS version 0.32-a0-913-g739538afd8 (webtiles) character file.

Game seed: 17073724502869601980 (custom seed)

2607 timneilson the Ducker (level 9, -13/66 HPs)
             Began as a Djinni Conjurer on Apr 9, 2024.
             Was a Priest of Makhleb.
             Mangled by an orc warrior
             ... wielding a +0 mace
              (15 damage)
             ... on level 8 of the Dungeon.
             The game lasted 00:26:32 (7483 turns).

timneilson the Ducker (Djinni Conjurer)             Turns: 7483, Time: 00:26:32

Health: -13/66     AC:  4    Str:  6    XL:     9   Next: 90%
Gold:   304        EV: 13    Int: 30    God:    Makhleb [***...] SH:  0 Dex: 11

rFire   + + .        c - +0 dagger (freeze)
rCold   x . .        (no shield)
rNeg    . . .        d - +0 robe of Sorcery {MP+9 Int+5}
rPois   ∞            k - +2 hat
rElec   .            (no cloak)
rCorr   +            (no gloves)
SInv    +            (boots unavailable)
Will    .....        (no amulet)
Stlth   ++           h - ring of resist corrosion
HPRegen 0.31/turn    i - ring of see invisible

%: infuse magic (-14 HP)
@: flying, very slightly contaminated, studying Spellcasting
A: sickness immunity, fire resistance 2, cold vulnerability 1, float, innate
caster, HP casting, extra vitality 1
a: Renounce Religion, Minor Destruction, Lesser Servant of Makhleb


You were on level 8 of the Dungeon.
You worshipped Makhleb.
Makhleb was most pleased with you.
You visited 2 branches of the dungeon, and saw 9 of its levels.

You collected 304 gold pieces.

Inventory:

Hand Weapons
 c - a +0 dagger of freezing (weapon)
Missiles
 s - 4 poisoned darts
Armour
 d - the +0 robe of Sorcery (worn) {MP+9 Int+5}
   (You acquired it on level 1 of the Dungeon)

   Int+5:     It affects your intelligence (+5).
   MP+9:      It affects your magic capacity (+9).
 k - a +2 hat (worn)
Jewellery
 h - a ring of resist corrosion (left hand)
 i - a ring of see invisible (right hand)
 A - a +4 ring of protection
Wands
 l - a wand of roots (21)
 u - a wand of flame (17)
 B - a wand of quicksilver (10)
Scrolls
 f - 2 scrolls of fear
 p - 2 scrolls of amnesia
 y - a scroll of teleportation
 z - a scroll of summoning {unknown}
Potions
 a - a potion of haste {unknown}
 b - 2 potions of lignification
 e - a potion of mutation {unknown}
 g - 4 potions of curing {unknown}
 j - 2 potions of might
 m - 2 potions of berserk rage
 n - a potion of degeneration {unknown}
 o - a potion of magic {unknown}
 q - 2 potions of ambrosia
 w - 2 potions of attraction {unknown}
 x - a potion of enlightenment {unknown}


   Skills:
 * Level 5.8 Fighting
 + Level 4.0 Armour
 * Level 7.0 Dodging
 + Level 4.1 Stealth
 + Level 5.8 Spellcasting
 + Level 4.8 Conjurations
 + Level 4.8 Hexes
 + Level 4.8 Summonings
 + Level 4.8 Necromancy
 + Level 4.8 Translocations
 + Level 4.8 Fire Magic
 + Level 4.8 Ice Magic
 + Level 4.8 Air Magic
 + Level 4.8 Earth Magic
 + Level 4.8 Alchemy
 + Level 3.8 Invocations
 + Level 3.7 Evocations


You knew the following spells:

 Your Spells              Type           Power      Damage    Failure   Level
a - Magic Dart            Conj           100%       1d8       1%          1
b - Searing Ray           Conj           76%        2d7       1%          2
c - Fulminant Prism       Conj/Alch      19%        3d10      7%          4
d - Iskenderun's Mystic Conj/Tloc 38%            2d9        (+2d4     7%          4
e - Sting                 Conj/Alch      100%       1d9       1%          1
f - Scorch                Fire           76%        2d8       1%          2
g - Fugue of the Fallen   Necr           38%        N/A       2%          3
h - Sigil of Binding      Hex            38%        N/A       2%          3
Your spell library was empty.

Dungeon Overview and Level Annotations

Branches:
Dungeon (8/15)             Temple (1/1) D:5
   Lair: D:8-11

Altars:
Ashenzari
Cheibriados
Dithmenos
Elyvilon
Fedhas
Gozag
Hepliaklqana
Makhleb
Nemelex Xobeh
Okawaru
Ru
Uskayaw
Xom
Yredelemnul
Zin
The Shining One


Innate Abilities, Weirdness & Mutations

You are immune to sickness and miasma.
You are immune to poison.
Your flesh is very heat resistant. (rF++)
You are vulnerable to cold. (rC-)
You float through the air rather than walking.
You learn spells naturally, not from books.
Your magical power is your life essence.
You have superior vitality. (+4 MHP)


Message History

The yak collides with the orc warrior.
The yak is severely wounded.
The mystic blast hits the yak!
The yak is heavily wounded.
The yak is knocked back by the mystic blast.
A yak comes into view.
Casting: Iskenderun's Mystic Blast (dangerous; 8% risk of failure)
Confirm with . or Enter, or press ? or * to list all spells.
You erupt in a blast of force!
The mystic blast hits the yak!
The yak is almost dead.
* * * LOW HITPOINT WARNING * * *
The yak misses you.
Unknown command.
Casting: Iskenderun's Mystic Blast (dangerous; 8% risk of failure)
Confirm with . or Enter, or press ? or * to list all spells.
You erupt in a blast of force!
The mystic blast hits the orc warrior.
The orc warrior is severely wounded.
The orc warrior is knocked back by the mystic blast.
The orc warrior collides with the yak.
The yak is lightly wounded.
The mystic blast hits the yak!
The yak is almost dead.
The yak is knocked back by the mystic blast.
The mystic blast hits the yak!
You kill the yak!
Makhleb accepts your kill.
You feel better.
* * * LOW HITPOINT WARNING * * *
Your Dodging skill increases to level 7!
Unknown command.
Casting: Iskenderun's Mystic Blast (dangerous; 7% risk of failure)
Confirm with . or Enter, or press ? or * to list all spells.
You miscast Iskenderun's Mystic Blast.
You are very lightly contaminated with residual magic.
Sparks fly from your hands!
* * * LOW HITPOINT WARNING * * *
x2 The orc warrior hits you with a +0 mace.
* * * LOW HITPOINT WARNING * * *
The orc warrior hits you with a +0 mace!
You die...

~≈≈~~~......#
.~~.Y...o...#
.....oP....o#
.....o.....Y#
#..########.#
.. ##Y# .
#####..#
#†##..##
#@oY)##
#.YY### #...#
....##
.......
....#...
#..##... ###
##.##


You could see 3 yaks and an orc warrior.

Vanquished Creatures
  2 yaks (D:8)
  2 water moccasins
  An orc warrior (D:7)
  A black bear (D:6)
  An ogre (D:6)
  2 centaurs
  2 phantoms (D:5)
  A bullfrog (D:7)
  A gnoll sergeant (D:7)
  2 scorpions (D:5)
  3 wights
  3 killer bees (D:6)
  2 howler monkeys (D:7)
  4 hounds
  8 orc priests
  2 sleepcaps
  3 iguanas
  4 orc wizards (D:7)
  9 gnolls
  11 adders
  A white imp (D:7)
  2 ufetubi (D:6)
  3 dart slugs
  28 orcs
  8 endoplasms
  5 giant cockroaches
  6 goblins
  8 hobgoblins
  11 jackals
  4 quokkas
  3 ball pythons
  11 bats
  7 frilled lizards
  9 kobolds
  5 rats
175 creatures vanquished.

Vanquished Creatures (others)
  2 fulminant prisms (D:7)
2 creatures vanquished.

Grand Total: 177 creatures vanquished

Notes
Turn   | Place    | Note
-------+----------+-------------------------------------------
     0 | D:1      | timneilson the Djinni Conjurer began the quest for the Orb.
     0 | D:1      | timneilson set off with the following spells memorised:
                  | Magic Dart, Searing Ray, Fulminant Prism, Iskenderun's
                  | Mystic Blast.
     0 | D:1      | Reached XP level 1. HP: 15/15 MP: 0/0
   290 | D:1      | Identified a scroll of acquirement
   290 | D:1      | Acquired the +0 robe of Sorcery {MP+9 Int+5}
   349 | D:1      | Reached XP level 2. HP: 20/21 MP: 0/0
   738 | D:2      | Reached XP level 3. HP: 22/26 MP: 0/0
   738 | D:2      | Learned a level 1 spell: Sting
  1052 | D:4      | Acquired a manual of Spellcasting
  1062 | D:4      | Reached skill level 1 in Fighting
  1066 | D:5      | Entered Level 5 of the Dungeon
  1075 | D:5      | Found a staircase to the Ecumenical Temple.
  1083 | Temple   | Entered the Ecumenical Temple
  1090 | Temple   | Became a worshipper of Makhleb the Destroyer
  1296 | D:2      | Reached skill level 1 in Armour
  1296 | D:2      | Reached skill level 3 in Dodging
  1296 | D:2      | Reached XP level 4. HP: 24/32 MP: 0/0
  1740 | D:2      | Reached * piety under Makhleb
  2133 | D:3      | Reached XP level 5. HP: 30/37 MP: 0/0
  2133 | D:3      | Learned a level 2 spell: Scorch
  2593 | D:3      | Found a faded altar of an unknown god.
  2971 | D:4      | Reached skill level 1 in Invocations
  2971 | D:4      | Reached XP level 6. HP: 40/43 MP: 0/0
  3300 | D:4      | Reached ** piety under Makhleb
  3800 | D:5      | Reached skill level 4 in Dodging
  3800 | D:5      | Reached skill level 1 in Evocations
  3807 | D:5      | Noticed a water moccasin
  3816 | D:5      | Killed a water moccasin
  3817 | D:5      | Reached XP level 7. HP: 27/50 MP: 0/0
  3817 | D:5      | Learned a level 3 spell: Fugue of the Fallen
  4182 | D:5      | Reached XP level 8. HP: 49/57 MP: 0/0
  4331 | D:5      | Reached skill level 5 in Dodging
  4693 | D:6      | Reached *** piety under Makhleb
  5479 | D:6      | Reached skill level 5 in Spellcasting
  5939 | D:7      | Found an iron altar of Okawaru.
  6136 | D:6      | Reached XP level 9. HP: 49/63 MP: 0/0
  6136 | D:6      | Learned a level 3 spell: Sigil of Binding
  6192 | D:6      | Reached skill level 6 in Dodging
  6332 | D:7      | Reached skill level 5 in Fighting
  6681 | D:7      | Found a broken altar of Ashenzari.
  7482 | D:8      | Reached skill level 7 in Dodging
  7482 | D:8      | HP: 2/66 [orc warrior/+0 mace (4)]
  7483 | D:8      | Mangled by an orc warrior

Illustrated notes

Levels and vault maps discovered:
D:1:      lightli_arrival_windingriver, layout_loops_ring
D:2:      layout_basic, dk_noncrumbling_3
D:3:      layout_loops_corners, mainiacjoe_overflow_boulevard,
          shapermc_ecumenical_altar_gd, minmay_misc_feat_alley, st_stairs_8
D:4:      layout_gridville, lemuel_flame_loot_1
D:5:      layout_basic, minmay_temple_entry_stoned_glass
D:6:      layout_basic, grunt_decor_mini_mirrors
D:7:      layout_loops_cross, mainiacjoe_overflow_six_doors_small,
          lemuel_round_altar, lemuel_blue_sif_altar
D:8:      layout_cave_pools, gammafunk_temple_overflow_claw, serial_shops, shop,
          hangedman_abyss_or_decor_passed, fungi_pond_lemuel, uniq_joseph
Temple:   nicolae_temple_superstar

Skill      XL: |  1  2  3  4  5  6  7  8  9 |
---------------+----------------------------+-----
Fighting       | 1 2 3 4 5 |  5.8
Armour         | 1 2 3 4 |  4.0
Dodging        | 3 4 5 7 |  7.0
Stealth        | 2 3 4 |  4.1
Spellcasting   | 4 5 |  5.8
Invocations    | 1 2 3 |  3.8
Evocations     | 1 2 3 |  3.7
Conjurations   | 4 |  4.8
Hexes          | 4 |  4.8
Summonings     | 4 |  4.8
Necromancy     | 4 |  4.8
Translocations | 4 |  4.8
Fire Magic     | 4 |  4.8
Ice Magic      | 4 |  4.8
Air Magic      | 4 |  4.8
Earth Magic    | 4 |  4.8
Alchemy        | 4 |  4.8

Action                     |  1- 3 |  4- 6 |  7- 9 || total
---------------------------+-------+-------+-------++-------
  Melee: Dagger            |       |       |     3 ||     3
   Cast: Magic Dart        |    77 |    99 |    57 ||   233
         Searing Ray       |     1 |    12 |    24 ||    37
         Sting             |       |     1 |       ||     1
         Scorch            |       |       |    95 ||    95
         Iskenderun's Myst |       |       |     9 ||     9
         Fulminant Prism   |       |       |     2 ||     2
    Use: Scroll            |     3 |     6 |     6 ||    15
         Potion            |       |       |     1 ||     1
 Armour: Robe              |     4 |    20 |    56 ||    80
  Dodge: Dodged            |     7 |    14 |    51 ||    72

Table legend: (Time is in decaauts)
 A = Elapsed time spent in this place.
 B = Non-inter-level travel time spent in this place.
 C = Inter-level travel time spent in this place.
 D = Time resting spent in this place.
 E = Time spent auto-exploring this place.
 F = Levels seen in this place.
 G = Mean time per level.
                   A        B        C        D        E       F      G
               +--------+--------+--------+--------+--------+-----+--------+
         Total |   7488 |   7185 |    303 |   1040 |   4842 |   9 |  832.0 |
       Dungeon |   7473 |   7176 |    297 |   1040 |   4842 |   8 |  934.1 |
        Temple |     14 |      8 |      6 |      0 |      0 |   1 |   14.0 |
               +--------+--------+--------+--------+--------+-----+--------+

Top non-repeatable levels by time:
     D:6: 1499 daAuts
     D:7: 1131 daAuts
     D:2: 1100 daAuts
     D:5: 1052 daAuts
     D:4: 1012 daAuts
     D:3: 944 daAuts
     D:1: 679 daAuts
     D:8: 53 daAuts
  Temple: 14 daAuts
